 Dungeon Crawl Stone Soup version 0.19-a0-1068-g99dd0f4 (webtiles) character file.

1458 Gagarin the Ruffian (level 8, -5/79 HPs)
             Began as a Troll Monk on Aug 4, 2016.
             Slain by an orc warrior
             ... wielding a +0 short sword
              (18 damage)
             ... on level 6 of the Dungeon.
             The game lasted 00:08:36 (4163 turns).

Gagarin the Ruffian (Troll Monk)                    Turns: 4163, Time: 00:08:37

Health: -5/79      AC:  6    Str: 26    XL:     8   Next: 47%
Magic:  7/7        EV: 12    Int:  6    God:
Gold:   128        SH:  0    Dex: 13    Spells: 1 memorised, 6 levels left

rFire  . . .     SeeInvis .       - Unarmed
rCold  . . .     Gourm    +     a - +0 robe
rNeg   . . .     Faith    .     (no shield)
rPois  .         Spirit   .     (helmet restricted)
rElec  .         Dismiss  .     i - +0 cloak
rCorr  .         Reflect  .     (gloves unavailable)
SustAt .         Harm     .     (boots unavailable)
MR     .....                    (no amulet)
Stlth  ++........               (no ring)
                                (no ring)

@: mighty
A: unfitting armour, claws 3, fast metabolism 3, gourmand, regeneration 2,
shaggy fur 1, tough skin 2
a: no special abilities


You were on level 6 of the Dungeon.
You were very full.

You visited 1 branch of the dungeon, and saw 6 of its levels.

You collected 378 gold pieces.
You spent 250 gold pieces at shops.

Inventory:

Missiles
 q - 9 tomahawks (quivered)
 u - 10 poisoned needles
Armour
 a - a +0 robe (worn)
 i - a +0 cloak (worn)
Jewellery
 y - an uncursed ring of ice {unknown}
 I - an uncursed ring of fire {unknown}
Wands
 w - a wand of polymorph (11/24)
 D - a wand of polymorph (20/24)
 H - a wand of flame (24/48)
 J - a wand of flame (18/48)
Scrolls
 e - 4 scrolls of remove curse {unknown}
 f - a scroll of fog {unknown}
 k - 5 scrolls of identify {unknown}
 l - a scroll of teleportation {unknown}
 n - a scroll of random uselessness {unknown}
 r - 3 scrolls of recharging {unknown}
 s - a scroll of blinking {unknown}
 v - a scroll of immolation {unknown}
 x - 4 scrolls of enchant armour {unknown}
 F - a scroll of fear {unknown}
Potions
 c - 2 potions of flight {unknown}
 d - 3 potions of degeneration {unknown}
 h - 4 potions of curing
 j - 3 potions of lignification {unknown}
 m - a potion of haste {unknown}
 z - a potion of heal wounds
 A - a potion of beneficial mutation {unknown}
 B - a potion of ambrosia
Books
 t - a book of Power

   Spells                             Type                      Level
   a - Fulminant Prism                Conjuration/Hexes            4
   b - Iskenderun's Mystic Blast      Conjuration                  4
   c - Venom Bolt                     Conjuration/Poison           5
   d - Bolt of Magma                  Conjuration/Fire/Earth       5
   e - Iron Shot                      Conjuration/Earth            6
   f - Orb of Destruction             Conjuration                  7
   g - Spellforged Servitor           Conjuration/Summoning        7
 G - a book of Party Tricks

   Spells                             Type                      Level
   a - Summon Butterflies             Summoning                    1
   b - Apportation                    Translocation                1
   c - Tukima's Dance                 Hexes                        3
   d - Alistair's Intoxication        Transmutation/Poison         5
   e - Invisibility                   Hexes                        6
Comestibles
 b - 4 bread rations
 g - 4 beef jerkies
 o - a meat ration
 p - a slice of pizza
 E - 16 chunks of flesh


   Skills:
 + Level 4.9 Fighting
 + Level 2.2 Throwing
 + Level 5.6 Dodging
 + Level 2.3 Stealth
 + Level 6.2 Unarmed Combat


You had 6 spell levels left.
You knew the following spells:

 Your Spells              Type           Power        Failure   Level  Hunger
a - Apportation           Tloc           #.........   52%         1    ##.....


Dungeon Overview and Level Annotations

Branches:
Dungeon (6/15)
 Temple: D:4-7

Altars:
Okawaru
Pakellas
The Shining One

Shops:
D:4 (%!!=

Annotations:
D:3 Grinder


Innate Abilities, Weirdness & Mutations

You are too large for most types of armour.
You have claws for hands.
Your metabolism is lightning-fast.
You like to eat raw meat.
You heal very quickly.
You are covered in fur. (AC +1)
You have very tough skin. (AC +2)


Message History

* * * LOW HITPOINT WARNING * * *
You feel much better. The orc warrior closely misses you.
You feel much better.
You completely miss the orc warrior.
The orc warrior is moderately wounded.
You feel very mighty all of a sudden.
The orc warrior hits you with a short sword!
You claw the orc warrior!
The orc warrior is almost dead.
The orc hits you with a mace!
The orc warrior hits you with a short sword!
You closely miss the orc warrior.
The orc warrior is almost dead.
The orc warrior hits you with a short sword!
* * * LOW HITPOINT WARNING * * *
The orc barely misses you.
You closely miss the orc warrior.
The orc warrior is almost dead.
The orc warrior hits you with a short sword!!
You die...

............##...#
...).............###.#
.....#................
............##...###.#
#....#.###.###.#.###.#
.....................#
.....###########..####.##
)...#### #.#o.......#
......... #co@.........
.#.###.## #o###.###..##
.#.# #.# #'# #.# ... .#.#
#.##


c.o #.# # .#.###.. ..(..#.# ....##.# #.....#.. .#..##.# ..=(..... .#.....#
.......... .##.##.# .....(..### You could see an orc warrior, a centaur and 2
orcs.

Vanquished Creatures
  The ghost of Noname the Poker, a novice CeGl of Okawaru (D:5)
  An orc warrior (D:6)
  An ogre (D:4)
  A centaur (D:6)
  2 giant frogs (D:6)
  A scorpion (D:5)
  2 giant frog zombies (D:5)
  A centaur zombie (D:5)
  3 hounds (D:5)
  2 jellies (D:5)
  2 orc priests (D:5)
  2 iguanas
  Terence (D:2)
  A giant frog skeleton (D:5)
  An orc wizard (D:5)
  5 worker ants
  A hound zombie (D:5)
  Robin (D:2)
  4 adders
  2 oozes
  An adder skeleton (D:4)
  2 worms
  14 orcs
  A ball python (D:4)
  7 giant cockroaches
  7 goblins
  11 hobgoblins
  A quokka (D:5)
  3 bats
  6 giant newts
  3 kobolds
  7 rats
98 creatures vanquished.

Notes
Turn   | Place    | Note
-------+----------+-------------------------------------------
     0 | D:1      | Gagarin the Troll Monk began the quest for the Orb.
     0 | D:1      | Reached XP level 1. HP: 22/22 MP: 0/0
   274 | D:1      | Reached XP level 2. HP: 29/29 MP: 1/1
   781 | D:2      | Found an iron altar of Okawaru.
   863 | D:2      | Noticed Robin
   878 | D:2      | Killed Robin
   878 | D:2      | Reached XP level 3. HP: 5/36 MP: 2/2
   988 | D:2      | Noticed Terence
  1001 | D:2      | Killed Terence
  1011 | D:2      | Reached XP level 4. HP: 41/45 MP: 3/3
  1894 | D:3      | Noticed Grinder
  2067 | D:3      | Reached skill level 4 in Unarmed Combat
  2067 | D:3      | Reached XP level 5. HP: 52/53 MP: 4/4
  2408 | D:4      | Found Herewil's Distillery.
  2413 | D:4      | Bought a potion of heal wounds for 50 gold pieces
  2413 | D:4      | Bought a potion of berserk rage for 50 gold pieces
  2413 | D:4      | Bought a potion of curing for 30 gold pieces
  2413 | D:4      | Bought a potion of ambrosia for 80 gold pieces
  2413 | D:4      | Bought a potion of might for 40 gold pieces
  2421 | D:4      | Found Qere's Distillery.
  2439 | D:4      | Found Wolekeh's Jewellery Shop.
  2533 | D:4      | Noticed an ogre
  2541 | D:4      | Killed an ogre
  2541 | D:4      | Reached XP level 6. HP: 17/61 MP: 5/5
  2636 | D:4      | Found Zoulozum's Antique Weapon Shop.
  2815 | D:4      | Found a glowing golden altar of the Shining One.
  2904 | D:4      | Found Guavy's Food Boutique.
  2987 | D:5      | Entered Level 5 of the Dungeon
  2987 | D:5      | Noticed Noname's ghost (novice CeGl)
  2993 | D:5      | Killed Noname's ghost
  2993 | D:5      | Reached skill level 5 in Unarmed Combat
  2993 | D:5      | Reached XP level 7. HP: 70/70 MP: 6/6
  3228 | D:5      | Reached skill level 1 in Throwing
  3293 | D:5      | Reached skill level 5 in Dodging
  3521 | D:5      | Reached XP level 8. HP: 50/79 MP: 7/7
  3989 | D:6      | Reached skill level 6 in Unarmed Combat
  4066 | D:6      | Learned a level 1 spell: Apportation
  4076 | D:6      | Found an oddly glowing altar of Pakellas.
  4163 | D:6      | Slain by an orc warrior

Vault maps used:
D:1:      dpeg_arrival_shrine
D:2:      old_standard_altar, uniq_robin, uniq_terence
D:3:      first_bread, uniq_grinder
D:4:      serial_shops, shop, kennysheep_mini_moat, shop, shop, shop_fountains,
          nicolae_tso_swordbearing_angel
D:6:      eino_tiny_chamber, johnstein_pakellas_death_squad

Skill      XL: |  1  2  3  4  5  6  7  8 |
---------------+-------------------------+-----
Fighting       | 3 4 |  4.9
Dodging        | 3 4 5 |  5.6
Unarmed Combat | 4 5 6 |  6.2
Stealth        | 2 |  2.3
Throwing       | 1 2 |  2.2

Action                   |  1- 3 |  4- 6 |  7- 9 || total
-------------------------+-------+-------+-------++-------
Melee: Unarmed           |    80 |   115 |   115 ||   310
       Punch             |       |     1 |     3 ||     4
Throw: Tomahawk          |       |     5 |    17 ||    22
  Use: Potion            |       |     1 |     3 ||     4
 Stab: Sleeping          |     1 |     1 |       ||     2
  Eat: Chunk             |    15 |    18 |    11 ||    44
Armor: Robe              |    21 |    35 |    31 ||    87
Dodge: Dodged            |    36 |    66 |    66 ||   168
